 Dungeon Crawl Stone Soup version 0.27.1-3-gb3d3a73c9e (webtiles) character file.

Game seed: 12857014280737129820

601 horus123 the Slasher (level 7, -1/51 HPs)
             Began as a Human Gladiator on Oct 27, 2021.
             Slain by a gnoll (4 damage)
             ... on level 5 of the Dungeon.
             The game lasted 00:12:38 (3493 turns).

horus123 the Slasher (Human Gladiator)              Turns: 3493, Time: 00:12:39

Health: -1/51      AC:  6    Str: 14    XL:     7   Next: 69%
Magic:  6/19       EV: 14    Int:  9    God:
Gold:   78         SH:  0    Dex: 22    Spells: 7/10 levels left

rFire    . . .     SeeInvis .   a - +1 long sword
rCold    . . .     Faith    .   (no shield)
rNeg     . . .     Spirit   .   b - +0 leather armour
rPois    .         Reflect  .   c - +0 helmet
rElec    .         Harm     .   (no cloak)
rCorr    .         Rampage  .   (no gloves)
Will     .....                  j - +1 pair of boots
Stlth    +.........             (no amulet)
HPRegen  0.17/turn              g - +6 ring of dexterity
MPRegen  0.16/turn              i - ring of magical power

@: mighty, lit by a corona, very slightly contaminated, glowing
A: no striking features
a: no special abilities


You were on level 5 of the Dungeon.
You visited 1 branch of the dungeon, and saw 5 of its levels.

You collected 175 gold pieces.
You spent 97 gold pieces at shops.

Inventory:

Hand Weapons
 a - a +1 long sword (weapon)
Missiles
 d - 3 throwing nets
Armour
 b - a +0 leather armour (worn)
 c - a +0 helmet (worn)
 j - a +1 pair of boots (worn)
 m - a +0 ring mail
Magical Staves
 r - a staff of death
Jewellery
 g - a +6 ring of dexterity (left hand)
 i - a ring of magical power (right hand)
 o - a ring of poison resistance
Wands
 k - a wand of polymorph (10)
Scrolls
 e - 2 scrolls of teleportation
 p - a scroll of identify
 q - a scroll of amnesia {unknown}
Potions
 l - a potion of attraction {unknown}
 n - 2 potions of magic {unknown}


   Skills:
 + Level 2.9 Fighting
 + Level 5.2 Long Blades
 + Level 2.1 Throwing
 + Level 1.9 Armour
 * Level 4.6 Dodging
 + Level 1.5 Stealth
 * Level 2.2 Spellcasting
 * Level 2.1 Conjurations
 + Level 0.1 Air Magic


You had 7 spell levels left.
You knew the following spells:

 Your Spells              Type           Power      Damage    Failure   Level
a - Shock                 Conj/Air       12%        1d3       26%         1
b - Searing Ray           Conj           8%         3d3       26%         2

Your spell library contained the following spells:

 Spells                   Type           Power      Damage    Failure   Level
 Magic Dart               Conj           16%        1d3       17%         1
 Slow                     Hex            1%         N/A       52%         2
 Swiftness                Air            1%         N/A       75%         3
 Confusing Touch          Hex            1%         N/A       77%         3
 Vampiric Draining        Necr           0%         2d6       77%         3
 Fulminant Prism          Conj/Hex       1%         3d6       95%         4
 Airstrike                Air            0%         N/A       98%         4


Dungeon Overview and Level Annotations

Branches:
Dungeon (5/15)
 Temple: D:4-7

Altars:
Cheibriados
Trog

Shops:
D:4 ?

Annotations:
D:5 2 transporters, Icepheonix32's ghost, amateur OpCj


Message History

The gnoll shaman hits you with a +0 club!
The gnoll hits you but does no damage.
Casting: Searing Ray (dangerous; 26% risk of failure)
Confirm with . or Enter, or press ? or * to list all spells.
Aiming: Searing Ray (dangerous; 26% risk of failure)
Press: ? - help, Shift-Dir - straight line, f/p - gnoll shaman
Aim: a gnoll shaman, wielding a +0 club and wearing a +0 robe (heavily wounded, 77% to hit)
The searing ray misses the gnoll shaman.
The searing ray hits the gnoll.
The gnoll is lightly wounded. (Press . to maintain the ray.)
The gnoll hits you from afar with a +0 halberd!
The gnoll hits you with a +0 whip.
The searing ray hits the gnoll shaman.
The gnoll shaman is heavily wounded.
The gnoll shaman hits you with a +0 club!
* * * LOW HITPOINT WARNING * * *
The gnoll barely misses you.
You riposte.
You slash the gnoll!
The gnoll is severely wounded.
The gnoll barely misses you. The gnoll hits you with a +0 whip.
* * * LOW HITPOINT WARNING * * *
You feel better.
The gnoll shaman hits you with a +0 club.
* * * LOW HITPOINT WARNING * * *
The gnoll misses you.
You riposte.
You hit the gnoll.
The gnoll is almost dead.
The gnoll misses you. The gnoll closely misses you.
You riposte.
You slash the gnoll!
You kill the gnoll!
You feel very mighty all of a sudden.
The gnoll shaman hits you with a +0 club.
* * * LOW HITPOINT WARNING * * *
The gnoll hits you from afar with a +0 halberd.
* * * LOW HITPOINT WARNING * * *
You slash the gnoll shaman!
You kill the gnoll shaman!
The bullfrog skeleton misses you.
You riposte.
You slash the bullfrog skeleton!
The bullfrog skeleton is heavily damaged.
The gnoll hits you from afar with a +0 halberd.
You die...

.# #... .#.#..#
.#.#..# g..#...
..©#...
###...#Z..
##.g.#.#Z.
###g.....#Z.#
##..@Z.#..#.).
###....####.#©..
##....### .####
# ###...### .(..
### ##...### ...
..#####..### ...
...##...##
......###
....###


You could see 2 gnolls, a killer bee zombie, a howler monkey zombie and 2
bullfrog skeletons.

Vanquished Creatures
  Eustachio (D:4)
  An ice beast (D:4)
  A scorpion (D:4)
  A jelly (D:4)
  A gnoll shaman (D:5)
  A hound (D:4)
  2 iguanas (D:4)
  2 orc wizards (D:5)
  6 gnolls (D:5)
  2 adders
  A white imp (D:3)
  An adder skeleton (D:4)
  A dart slug (D:2)
  3 orcs (D:5)
  10 ball pythons
  4 bats
  5 endoplasms
  10 giant cockroaches
  3 hobgoblins
  4 jackals
  4 kobolds
  2 quokkas
  3 frilled lizards (D:2)
  5 goblins
  2 rats (D:1)
76 creatures vanquished.

Notes
Turn   | Place    | Note
-------+----------+-------------------------------------------
     0 | D:1      | horus123 the Human Gladiator began the quest for the Orb.
     0 | D:1      | Reached XP level 1. HP: 16/16 MP: 1/1
   154 | D:1      | You fall into a shaft and drop 1 floor!
   224 | D:2      | Found a snail-covered altar of Cheibriados.
   234 | D:2      | Reached XP level 2. HP: 20/22 MP: 2/2
   440 | D:1      | Reached XP level 3. HP: 23/27 MP: 3/3
   515 | D:1      | Found a faded altar of an unknown god.
  1681 | D:3      | Reached XP level 4. HP: 33/33 MP: 4/4
  1950 | D:3      | Found a bloodstained altar of Trog.
  2024 | D:3      | Learned a level 1 spell: Shock
  2283 | D:4      | Reached skill level 4 in Long Blades
  2294 | D:4      | Learned a level 2 spell: Searing Ray
  2300 | D:4      | Noticed Eustachio
  2307 | D:4      | Noticed a scorpion
  2315 | D:4      | Killed a scorpion
  2316 | D:4      | Reached XP level 5. HP: 39/39 MP: 5/5
  2328 | D:4      | Killed Eustachio
  2329 | D:4      | Reached skill level 1 in Armour
  2329 | D:4      | Reached skill level 1 in Stealth
  2329 | D:4      | Reached skill level 1 in Spellcasting
  2329 | D:4      | Reached skill level 1 in Conjurations
  2329 | D:4      | Reached XP level 6. HP: 25/46 MP: 7/7
  2333 | D:4      | Noticed an ice beast
  2341 | D:4      | Killed an ice beast
  2342 | D:4      | Reached XP level 7. HP: 30/51 MP: 9/9
  2344 | D:4      | Reached skill level 5 in Long Blades
  2611 | D:4      | Found Sienned's Magic Scroll Shop.
  2619 | D:4      | Bought a scroll of enchant weapon for 97 gold pieces
  3175 | D:5      | Entered Level 5 of the Dungeon
  3468 | D:5      | Found a transporter.
  3470 | D:5      | Noticed Icepheonix32's ghost (amateur OpCj)
  3471 | D:5      | Found a transporter.
  3493 | D:5      | Slain by a gnoll

Illustrated notes

Levels and vault maps discovered:
D:1:      dpeg_arrival_castle, layout_rooms,
          shapermc_ecumenical_altar_mp_highgroup
D:2:      layout_loops_ring, basic_altar
D:3:      layout_rooms, trog_book
D:4:      layout_rooms, st_stairs_14, minmay_shop_grid_forest,
          minmay_close_crescents, uniq_eustachio
D:5:      layout_cave_pods, nicolae_hepliaklqana_hazy_memory,
          minmay_temple_entry_wispy, gammafunk_ghost_mausoleum

Skill      XL: |  1  2  3  4  5  6  7 |
---------------+----------------------+-----
Long Blades    | 4 5 |  5.2
Armour         | 1 |  1.9
Dodging        | 4 |  4.6
Stealth        | 1 |  1.5
Spellcasting   | 1 2 |  2.2
Conjurations   | 1 2 |  2.1
Fighting       | |  2.9
Throwing       | |  2.1
Air Magic      | |  0.1

Action                   |  1- 3 |  4- 6 |  7- 9 || total
-------------------------+-------+-------+-------++-------
Melee: Long sword        |   102 |    36 |     9 ||   147
 Cast: Searing Ray       |       |       |    14 ||    14
       Shock             |       |       |    12 ||    12
  Use: Scroll            |     5 |     2 |     1 ||     8
       Potion            |       |     1 |     2 ||     3
 Stab: Sleeping          |     1 |     1 |       ||     2
Armor: Leather armour    |    40 |       |     9 ||    49
       Ring mail         |    11 |    32 |       ||    43
Dodge: Dodged            |    74 |    51 |    26 ||   151
       Rpst.: Long sword |    21 |    11 |     9 ||    41
